 Dungeon Crawl Stone Soup version 0.30.0-10-gfe55d96785 (webtiles) character file.

Game seed: 14555420281615261456

7 browni3141 the Digger (level 2, 0/19 HPs)
             Began as a Barachi Earth Elementalist on May 13, 2023.
             Slain by a jackal (3 damage)
             ... on level 1 of the Dungeon.
             The game lasted 00:00:20 (40 turns).

browni3141 the Digger (Barachi Earth Elementalist)    Turns: 40, Time: 00:00:21

Health: 0/19       AC:  2    Str:  9    XL:     2   Next: 0%
Magic:  4/5        EV: 12    Int: 15    God:
Gold:   0          SH:  0    Dex: 12    Spells: 4/5 levels left

rFire   . . .        (no weapon)
rCold   . . .        (no shield)
rNeg    . . .        a - +0 robe
rPois   .            (no helmet)
rElec   .            (no cloak)
rCorr   .            (no gloves)
SInv    .            (no boots)
Will    .....        (no amulet)
Stlth   ++           (no ring)
HPRegen 0.23/turn    (no ring)
MPRegen 0.09/turn

%: no passive effects
@: unable to hop, attractive, slow
A: amphibious, slowness 1, strong legs 1, +LOS
a: Hop


You were on level 1 of the Dungeon.
You visited 1 branch of the dungeon, and saw 1 of its levels.

Inventory:

Armour
 a - a +0 robe (worn)
Scrolls
 o - a scroll of fear {unknown}


   Skills:
 + Level 2.3 Dodging
 + Level 1.9 Stealth
 + Level 2.3 Spellcasting
 + Level 1.3 Transmutations
 + Level 3.1 Earth Magic


You had 4 spell levels left.
You knew the following spells:

 Your Spells              Type           Power      Damage    Failure   Level
a - Sandblast             Erth           22%        2d7       6%          1

Your spell library contained the following spells:

 Spells                   Type           Power      Damage    Failure   Level
 Passwall                 Tmut/Erth      6%         N/A       13%         2
 Stone Arrow              Conj/Erth      12%        3d7       34%         3
 Petrify                  Tmut/Erth      8%         N/A       65%         4


Dungeon Overview and Level Annotations

Branches:
Dungeon (1/15)

Altars:


Innate Abilities, Weirdness & Mutations

You are amphibious.
You cover ground slowly.
You can hop short distances.
You have an extended range of vision and can be seen from far away.


Message History

The breathtaking Orb of Zot lies far below, as if waiting for you to find it.
Press ? for a list of commands and other information.
Found a robe.
Found a staircase leading out of the dungeon.
There is a fountain of clear blue water here.
n - a puce potion
o - a scroll labelled COECUNU LASENG A goblin comes into view.
It is wielding a +0 club.
A hobgoblin, a bat and a dart slug come into view.
The blast of sand hits the goblin!
You kill the goblin!
The blast of sand hits the dart slug!
You kill the dart slug!
The hobgoblin shouts!
You can't see any susceptible monsters within range! (Use Z to cast anyway.)
You can't see any susceptible monsters within range! (Use Z to cast anyway.)
You can't see any susceptible monsters within range! (Use Z to cast anyway.)
The bat completely misses you.
A giant cockroach comes into view.
You barely miss the bat. The bat hits you but does no damage.
A jackal comes into view.
The blast of sand hits the bat.
You kill the bat!
The jackal barks!
You hear a bark!
A kobold comes into view. It is wielding a +0 short sword.
You are out of magic!
You are out of magic!
You are out of magic!
You closely miss the hobgoblin.
A jackal comes into view.
The hobgoblin hits you.
You are out of magic!
You hit the hobgoblin but do no damage.
A jackal comes into view.
The hobgoblin hits you but does no damage.
You don't have enough magic to cast this spell.
You don't have enough magic to cast this spell.
The jackal barks!
You hit the hobgoblin but do no damage.
You hear a bark!
The hobgoblin closely misses you.
You hit the hobgoblin.
The hobgoblin is moderately wounded.
A jackal comes into view.
The hobgoblin hits you.
The jackal moves out of view.
You closely miss the hobgoblin.
The hobgoblin is moderately wounded.
The hobgoblin hits you but does no damage.
You barely miss the hobgoblin.
The hobgoblin is moderately wounded.
The hobgoblin barely misses you.
You closely miss the hobgoblin.
The hobgoblin is moderately wounded.
The hobgoblin closely misses you.
You hit the hobgoblin but do no damage.
The hobgoblin is moderately wounded.
The hobgoblin barely misses you.
The blast of sand hits the hobgoblin!
You kill the hobgoblin!
The jackal bites you.
You barely miss the jackal. The jackal barely misses you. x2
The jackal bites you but does no damage.
You hit the jackal.
The jackal is moderately wounded.
The jackal bites you but does no damage.
The jackal bites you.
You miss the jackal.
The jackal is moderately wounded.
The jackal bites you but does no damage.
The jackal bites you. The jackal misses you. The jackal closely misses you.
You hit the jackal.
The jackal is severely wounded.
The jackal closely misses you. The jackal bites you.
* * * LOW HITPOINT WARNING * * *
Hop to where?
Press: ? - help, Dir - move target Boing!
It was a potion of attraction.
You feel attractive to monsters. The jackal barely misses you.
The jackal misses you. Magic courses through your body. The jackal bites you.
* * * LOW HITPOINT WARNING * * *
The jackal bites you.
* * * LOW HITPOINT WARNING * * *
Aiming: Sandblast (safe; 6% risk of failure)
Press: ? - help, Q - select action, (/) - cycle Shift-Dir - straight line, f - jackal
Aim: a jackal (77% to hit)
The blast of sand hits the jackal.
You kill the jackal!
The jackal closely misses you. The jackal misses you. The jackal bites you.
* * * LOW HITPOINT WARNING * * *
You have reached level 2!
Aiming: Sandblast (safe; 6% risk of failure)
Press: ? - help, Q - select action, (/) - cycle Shift-Dir - straight line, f - kobold, p - jackal
Aim: a kobold, wielding a +0 short sword and quivering stones (77% to hit)
The blast of sand hits the jackal.
The jackal is severely wounded.
The jackal bites you.
You die...

... ). h#
##†# #..#
#B### #.K.#
♣♣♣..h♣♣♣
♣♣[...h@.♣♣
♣♣.....h...♣♣
♣....♣.♣....♣
♣.....⌠.....♣
♣....♣.♣...♣#
♣♣..........♣
♣♣.....♣#.<♣
♣♣♣♣♣♣♣♣♣♣#


You could see 3 jackals, a giant cockroach and a kobold.

Vanquished Creatures
  A dart slug (D:1)
  A hobgoblin (D:1)
  A jackal (D:1)
  A bat (D:1)
  A goblin (D:1)
5 creatures vanquished.

Notes
Turn   | Place    | Note
-------+----------+-------------------------------------------
     0 | D:1      | browni3141 the Barachi Earth Elementalist began the quest
                  | for the Orb.
     0 | D:1      | Reached XP level 1. HP: 13/13 MP: 3/3
    40 | D:1      | Reached XP level 2. HP: 3/19 MP: 5/5
    40 | D:1      | Slain by a jackal

Illustrated notes

Levels and vault maps discovered:
D:1:      amcnicky_arrival_underground_garden, layout_basic,
          ebering_ecumenical_altar_petrified, serial_shops, shop

Action                     || total
---------------------------++-------
  Melee: Unarmed           ||    13
   Cast: Sandblast         ||     6
Ability: Hop               ||     1
    Use: Potion            ||     2
 Armour: Robe              ||     6
  Dodge: Dodged            ||    14
